Stars vs Jets

Created - Wednesday, February 24, 2016 at 01:14

Goals
1 2 3 T
Stars 0 2 0 2
Jets 4 3 2 9
Shots
1 2 3 T
Stars 4 9 6 19
Jets 17 5 5 27

1st period

1. Jets , Alex Ovechkin 53 (John Carlson, Blake Wheeler) at 0:22
2. Jets , Alex Ovechkin 54 (Ryan Getzlaf) at 0:45 (PP)
3. Jets , Max Pacioretty 50 (Claude Giroux, Wayne Simmonds) at 2:19
4. Jets , Max Pacioretty 51 (Wayne Simmonds, Oliver Ekman-Larsson) at 18:50

Penalties :
Alex Petrovic (Dal) for Cross-checking (Minor) at 0:36, Alex Petrovic (Dal) for Interference (Minor) at 8:22, Brayden Schenn (Wpg) for Slashing (Minor) at 12:13, Casey Cizikas (Dal) for Tripping (Minor) at 19:11

2nd period

5. Jets , Alex Ovechkin 55 (Ryan Getzlaf) at 1:00
6. Jets , John Tavares 51 (Jussi Jokinen) at 8:31
7. Stars , Matt Tennyson 10 (Erik Haula, Alexandre Burrows) at 14:33
8. Stars , Casey Cizikas 11 (Brett Ritchie, Erik Haula) at 16:08 (PP)
9. Jets , Max Pacioretty 52 (John Carlson) at 16:28

Penalties :
Wayne Simmonds (Wpg) for Goalie Interference (Minor) at 0:52, Claude Giroux (Wpg) for Interference (Minor) at 9:41, Alex Ovechkin (Wpg) for Tripping (Minor) at 10:51, Claude Giroux (Wpg) for Cross-checking (Minor) at 15:52, Wayne Simmonds (Wpg) for Holding (Minor) at 17:20

3rd period

10. Jets , Alex Ovechkin 56 (Ryan Getzlaf, John Carlson) at 2:01 (PP)
11. Jets , Ryan Getzlaf 29 (Blake Wheeler, Alex Ovechkin) at 19:46 (PP)

Penalties :
Matt Tennyson (Dal) for Tripping (Minor) at 1:19, Blake Wheeler (Wpg) for Hooking (Minor) at 5:55, Aaron Johnson (Dal) for Hooking (Minor) at 11:54, John Moore (Dal) for Hooking (Minor) at 18:37

Goalie Stats

Tom McCollum (Dal), 16 saves from 21 shots - (0.762), L, 5-27-1, 36:49 minutes
Justin Peters (Dal), 2 saves from 6 shots - (0.333), 23:11 minutes
Jonathan Quick (Wpg), 17 saves from 19 shots - (0.895), W, 24-26-3, 60:00 minutes

Players Stats for Stars

Player Name              G  A  P  +/- PIM S  H  SB GA TA FO     MP     PP MP  PK MP  
------------------------------------------------------------------------------------
Aaron Johnson            0  0  0  -4  2   0  2  1  0  0  0/0     9:27   1:20   0:25 
Alex Petrovic            0  0  0   1  4   0  3  1  0  1  0/0    21:58   3:55   2:29 
Alexander Wennberg       0  0  0  -2  0   3  1  1  5  1  4/7    19:24   3:19   1:01 
Alexandre Burrows        0  1  1   0  0   0  2  0  1  0  0/0    11:12   0:00   0:00 
Brett Ritchie            0  1  1  -3  0   4  3  0  2  0  4/9    22:50   8:08   4:54 
Casey Cizikas            1  0  1  -1  2   2  1  0  1  1  4/6    19:02   6:11   1:26 
Cory Conacher            0  0  0  -2  0   1  1  0  0  1  1/1    11:44   0:14   1:01 
Daniel Paille            0  0  0  -2  0   1  0  0  0  1  0/0    19:25   7:05   0:44 
Devin Setoguchi          0  0  0  -2  0   0  0  0  0  0  1/10   10:42   1:06   0:00 
Erik Haula               0  2  2  -1  0   0  1  1  4  2  5/11   22:01   4:25   5:21 
Gabriel Bourque          0  0  0   0  0   0  0  0  0  0  0/0     1:43   0:00   0:13 
Jamie Oleksiak           0  0  0  -5  0   0  1  2  1  1  0/0    27:03   7:08   4:44 
John Moore               0  0  0  -3  2   0  0  1  0  0  0/0    15:18   5:48   0:00 
Jonathan Drouin          0  0  0   1  0   1  1  0  3  0  0/0    11:20   0:00   0:36 
Matt Tennyson            1  0  1   1  2   2  1  0  0  3  0/0    21:41   3:55   2:54 
Mike Richards            0  0  0  -2  0   4  1  0  3  0  1/3    19:54   2:41   0:00 
Patrik Nemeth            0  0  0   0  0   0  0  2  1  1  0/0    10:14   0:00   0:00 
Ryan Wilson              0  0  0   0  0   1  1  1  0  1  0/0    16:55   0:00   4:44 

Players Stats for Jets

Player Name              G  A  P  +/- PIM S  H  SB GA TA FO     MP     PP MP  PK MP  
------------------------------------------------------------------------------------
Alex Ovechkin            4  1  5   2  2   4  1  0  3  2  5/9    21:19   4:07   7:00 
Blake Wheeler            0  2  2   1  2   1  2  0  3  0  0/0    17:20   4:07   1:33 
Brad Stuart              0  0  0   4  0   1  0  0  0  2  0/0    20:46   1:19   6:17 
Brayden Schenn           0  0  0   0  2   1  1  1  0  0  0/0    10:00   0:00   0:00 
Claude Giroux            0  1  1   3  4   5  2  1  0  1  4/7    18:01   3:10   3:07 
Erik Johnson             0  0  0   2  0   0  1  1  0  1  0/0    26:07   6:19   4:46 
Filip Forsberg           0  0  0   0  0   0  1  0  2  0  0/1     9:43   0:00   0:06 
Jake Muzzin              0  0  0  -1  0   0  0  0  1  0  0/0    13:06   0:00   0:00 
Jarret Stoll             0  0  0   0  0   0  0  0  0  0  1/2     9:37   0:00   0:00 
John Carlson             0  3  3   2  0   0  0  2  0  0  0/0    26:07   6:19   4:46 
John Tavares             1  0  1   0  0   3  0  0  3  0  2/4    10:21   0:21   0:00 
Jussi Jokinen            0  1  1   0  0   1  1  0  3  0  2/3    12:20   0:00   1:47 
Marc Staal               0  0  0  -1  0   1  0  3  0  0  0/0    13:06   0:00   0:00 
Max Pacioretty           3  0  3   3  0   3  1  0  3  0  1/1    12:57   3:31   0:00 
Oliver Ekman-Larsson     0  1  1   4  0   1  2  0  0  4  0/0    20:46   1:19   6:17 
Patrik Elias             0  0  0   0  0   2  1  0  1  1  0/0     9:59   0:00   0:00 
Ryan Getzlaf             1  3  4   2  0   3  2  0  0  0  11/19  22:02   4:07   7:43 
Wayne Simmonds           0  2  2   3  4   1  0  0  0  0  1/1    14:01   3:30   0:00 

3 Stars

1 - Alex Ovechkin (Wpg)
2 - Max Pacioretty (Wpg)
3 - Ryan Getzlaf (Wpg)

Power Play

Stars - 1 on 7 Attempt(s) - 14.29%
Jets - 3 on 6 Attempt(s) - 50.00%

Penalty Kill

Stars - 3 on 6 Attempt(s) - 50.00% - Score 0 goal in Penalty Kill
Jets - 6 on 7 Attempt(s) - 85.71% - Score 0 goal in Penalty Kill

Team Stat

Stars - Hits : 19 - Faceoff Wins : 20 - Blocked Shots : 10 - Penalty Minutes : 12
Jets - Hits : 15 - Faceoff Wins : 27 - Blocked Shots : 8 - Penalty Minutes : 14

Official

Referees : Unknown
Linesman : Unknown

Game Notes

Gabriel Bourque is injured at 9:26 of 1st period (Abdomen/Ribs)
Justin Peters enters game at 18:50 of 1st period
Alex Ovechkin has scored a Hat Trick!
Max Pacioretty has scored a Hat Trick!
Tom McCollum enters game at 2:01 of 3rd period

Finance

Level 1 -- Attendance: 5248 (87.47%) -- Ticket Income $446,080
Level 2 -- Attendance: 3567 (71.34%) -- Ticket Income $196,185
Level 3 -- Attendance: 2000 (100.00%) -- Ticket Income $60,000
Level 4 -- Attendance: 2828 (70.70%) -- Ticket Income $56,560
Luxury Box -- Attendance: 903 (90.30%) -- Ticket Income $144,480
Game was played at the MTS Center.
Total Attendance: 14546 (80.81%)
Total Ticket Income: $903,305
Other Income: $442,619
Total Income: $1,345,924

Stars

5 vs 5 Forward 
   Center                   Left Wing                Right Wing               Time % Phy DF OF 
 1 Devin Setoguchi          Mike Richards            Brett Ritchie            35     1   2  2  
 2 Alexander Wennberg       Daniel Paille            Cory Conacher            30     1   2  2  
 3 Casey Cizikas            Erik Haula               Alexandre Burrows        22     1   2  2  
 4 Mike Richards            Gabriel Bourque          Jonathan Drouin          13     1   2  2  

5 vs 5 Defense 
   Defense                  Defense                                           Time % Phy DF OF 
 1 Jamie Oleksiak           John Moore                                        35     1   2  2  
 2 Alex Petrovic            Matt Tennyson                                     30     1   2  2  
 3 Ryan Wilson              Patrik Nemeth                                     22     1   2  2  
 4 Aaron Johnson            Jamie Oleksiak                                    13     1   2  2  

PowerPlay Forward 
   Center                   Left Wing                Right Wing               Time % Phy DF OF 
 1 Brett Ritchie            Casey Cizikas            Gabriel Bourque          60     1   2  2  
 2 Erik Haula               Daniel Paille            Mike Richards            40     1   2  2  

PowerPlay Defense
   Defense                  Defense                                           Time % Phy DF OF 
 1 Jamie Oleksiak           John Moore                                        60     1   2  2  
 2 Alex Petrovic            Matt Tennyson                                     40     1   2  2  

Penalty Kill 4 Players Forward 
   Center                   Wing                     Time % Phy DF OF 
 1 Erik Haula               Brett Ritchie            60     1   2  2  
 2 Gabriel Bourque          Casey Cizikas            40     1   2  2  

Penalty Kill 4 Players Defense
   Defense                  Defense                  Time % Phy DF OF 
 1 Jamie Oleksiak           Ryan Wilson              60     1   2  2  
 2 Alex Petrovic            Matt Tennyson            40     1   2  2  

Penalty Kill - 3 Players Forward 
   Forward                                           Time % Phy DF OF 
 1 Casey Cizikas                                     60     1   2  2  
 2 Gabriel Bourque                                   40     1   2  2  

Penalty Kill - 3 Players Defense
   Defense                  Defense                  Time % Phy DF OF 
 1 Jamie Oleksiak           John Moore               60     1   2  2  
 2 Alex Petrovic            Matt Tennyson            40     1   2  2  

4 vs 4 Forward 
   Center                   Wing                     Time % Phy DF OF 
 1 Brett Ritchie            Erik Haula               60     1   2  2  
 2 Gabriel Bourque          Casey Cizikas            40     1   2  2  

4 vs 4 Defense
   Defense                  Defense                  Time % Phy DF OF 
 1 Jamie Oleksiak           Aaron Johnson            60     1   2  2  
 2 Alex Petrovic            Matt Tennyson            40     1   2  2  

Last Minutes Offensive
   Center                   Left Wing                Right Wing               Defense                  Defense                  
   Devin Setoguchi          Mike Richards            Brett Ritchie            Jamie Oleksiak           John Moore               

Last Minutes Defensive
   Center                   Left Wing                Right Wing               Defense                  Defense                  
   Devin Setoguchi          Mike Richards            Brett Ritchie            Jamie Oleksiak           John Moore               

Goaltenders
Starting : Tom McCollum             
Backup : Justin Peters            

Extra Forwards
Normal : Erik Haula, Gabriel Bourque, Brett Ritchie - PP : Erik Haula, Gabriel Bourque - PK : Gabriel Bourque
Extra Defensemen
Normal : Ryan Wilson, Jamie Oleksiak, Aaron Johnson - PP : Ryan Wilson - PK : Jamie Oleksiak, Aaron Johnson
Penalty Shots
Gabriel Bourque, Erik Haula, Brett Ritchie, Casey Cizikas, Mike Richards

Jets

5 vs 5 Forward 
   Center                   Left Wing                Right Wing               Time % Phy DF OF 
 1 Ryan Getzlaf             Alex Ovechkin            Blake Wheeler            35     1   2  2  
 2 Claude Giroux            Max Pacioretty           Wayne Simmonds           30     1   2  2  
 3 John Tavares             Patrik Elias             Jussi Jokinen            22     1   2  2  
 4 Jarret Stoll             Brayden Schenn           Filip Forsberg           13     1   2  2  

5 vs 5 Defense 
   Defense                  Defense                                           Time % Phy DF OF 
 1 John Carlson             Erik Johnson                                      35     1   2  2  
 2 Oliver Ekman-Larsson     Brad Stuart                                       30     1   2  2  
 3 Jake Muzzin              Marc Staal                                        22     1   2  2  
 4 John Carlson             Erik Johnson                                      13     1   2  2  

PowerPlay Forward 
   Center                   Left Wing                Right Wing               Time % Phy DF OF 
 1 Ryan Getzlaf             Alex Ovechkin            Blake Wheeler            60     1   2  2  
 2 Claude Giroux            Max Pacioretty           Wayne Simmonds           40     1   2  2  

PowerPlay Defense
   Defense                  Defense                                           Time % Phy DF OF 
 1 John Carlson             Erik Johnson                                      60     1   2  2  
 2 Oliver Ekman-Larsson     Brad Stuart                                       40     1   2  2  

Penalty Kill 4 Players Forward 
   Center                   Wing                     Time % Phy DF OF 
 1 Alex Ovechkin            Ryan Getzlaf             60     1   2  2  
 2 Claude Giroux            Blake Wheeler            40     1   2  2  

Penalty Kill 4 Players Defense
   Defense                  Defense                  Time % Phy DF OF 
 1 John Carlson             Erik Johnson             60     1   2  2  
 2 Oliver Ekman-Larsson     Brad Stuart              40     1   2  2  

Penalty Kill - 3 Players Forward 
   Forward                                           Time % Phy DF OF 
 1 Alex Ovechkin                                     60     1   2  2  
 2 Ryan Getzlaf                                      40     1   2  2  

Penalty Kill - 3 Players Defense
   Defense                  Defense                  Time % Phy DF OF 
 1 John Carlson             Erik Johnson             60     1   2  2  
 2 Oliver Ekman-Larsson     Brad Stuart              40     1   2  2  

4 vs 4 Forward 
   Center                   Wing                     Time % Phy DF OF 
 1 Alex Ovechkin            Ryan Getzlaf             60     1   2  2  
 2 Claude Giroux            Blake Wheeler            40     1   2  2  

4 vs 4 Defense
   Defense                  Defense                  Time % Phy DF OF 
 1 John Carlson             Erik Johnson             60     1   2  2  
 2 Oliver Ekman-Larsson     Brad Stuart              40     1   2  2  

Last Minutes Offensive
   Center                   Left Wing                Right Wing               Defense                  Defense                  
   Ryan Getzlaf             Alex Ovechkin            Blake Wheeler            John Carlson             Erik Johnson             

Last Minutes Defensive
   Center                   Left Wing                Right Wing               Defense                  Defense                  
   Ryan Getzlaf             Alex Ovechkin            Blake Wheeler            John Carlson             Erik Johnson             

Goaltenders
Starting : Jonathan Quick           
Backup : Jake Allen               

Extra Forwards
Normal : John Tavares, Patrik Elias, Jussi Jokinen - PP : John Tavares, Patrik Elias - PK : Jussi Jokinen
Extra Defensemen
Normal : Jake Muzzin, Marc Staal, Oliver Ekman-Larsson - PP : Jake Muzzin - PK : Marc Staal, Oliver Ekman-Larsson
Penalty Shots
Alex Ovechkin, Ryan Getzlaf, Claude Giroux, Blake Wheeler, Max Pacioretty

% Time on Ice - Stars

Lines # - Real PCT - Wanted PCT - Time Play
Normal Forward
1 - 27% - 35% - 11:04
2 - 26% - 30% - 10:47
3 - 27% - 22% - 11:12
4 - 19% - 13% - 7:57
Normal Defense
1 - 30% - 35% - 12:14
2 - 35% - 30% - 14:21
3 - 25% - 22% - 10:14
4 - 10% - 13% - 4:11
PP Forward
1 - 76% - 60% - 8:22
2 - 24% - 40% - 2:41
PP Defense
1 - 65% - 60% - 7:08
2 - 35% - 40% - 3:55
PK Forward
1 - 90% - 60% - 6:55
2 - 10% - 40% - 0:44
PK Defense
1 - 62% - 60% - 4:44
2 - 38% - 40% - 2:55
PK3 Forward
1 - 0% - 60%
2 - 0% - 40%
PK3 Defense
1 - 0% - 60%
2 - 0% - 40%
44 Forward
1 - 100% - 60% - 0:18
2 - 0% - 40% - 0:00
44 Defense
1 - 100% - 60% - 0:18
2 - 0% - 40% - 0:00
Last Minute Offensive  - 0:00
Last Minute Defensive  - 0:00
Total
Forward - 60:00
Defense - 60:00

% Time on Ice - Jets

Lines # - Real PCT - Wanted PCT - Time Play
Normal Forward
1 - 24% - 35% - 9:54
2 - 28% - 30% - 11:30
3 - 24% - 22% - 9:59
4 - 23% - 13% - 9:37
Normal Defense
1 - 33% - 35% - 13:40
2 - 32% - 30% - 13:02
3 - 32% - 22% - 13:06
4 - 3% - 13% - 1:12
PP Forward
1 - 54% - 60% - 4:08
2 - 46% - 40% - 3:31
PP Defense
1 - 83% - 60% - 6:20
2 - 17% - 40% - 1:19
PK Forward
1 - 81% - 60% - 8:17
2 - 19% - 40% - 1:57
PK Defense
1 - 47% - 60% - 4:46
2 - 53% - 40% - 5:28
PK3 Forward
1 - 100% - 60% - 0:49
2 - 0% - 40% - 0:00
PK3 Defense
1 - 0% - 60% - 0:00
2 - 100% - 40% - 0:49
44 Forward
1 - 100% - 60% - 0:18
2 - 0% - 40% - 0:00
44 Defense
1 - 56% - 60% - 0:10
2 - 44% - 40% - 0:08
Last Minute Offensive  - 0:00
Last Minute Defensive  - 0:00
Total
Forward - 60:00
Defense - 60:00

Play by Play

1st period


0:01 of 1st period - Ryan Getzlaf wins face-off versus Devin Setoguchi in neutral zone.
0:20 of 1st period - Snap shot by Blake Wheeler.
0:20 of 1st period - Shot Misses the Net.
0:22 of 1st period - Slapshot by John Carlson.
0:22 of 1st period - Deflect By Alex Ovechkin.
0:22 of 1st period - Goal by Alex Ovechkin - Stars : 0 - Jets : 1.
0:23 of 1st period - Alexander Wennberg wins face-off versus Claude Giroux in neutral zone.
0:36 of 1st period - Minor Penalty to Alex Petrovic for Cross-checking.
0:37 of 1st period - Ryan Getzlaf wins face-off versus Erik Haula in Stars zone.
0:45 of 1st period - Wrist shot by Alex Ovechkin.
0:45 of 1st period - Goal by Alex Ovechkin - Stars : 0 - Jets : 2.
0:46 of 1st period - Casey Cizikas wins face-off versus John Tavares in neutral zone.
0:59 of 1st period - Snap shot by John Tavares.
0:59 of 1st period - Shot Blocked by Ryan Wilson.
1:07 of 1st period - Slapshot by Patrik Elias.
1:07 of 1st period - Stopped by Tom McCollum without a rebound.
1:08 of 1st period - Mike Richards wins face-off versus Jarret Stoll in Stars zone.
1:15 of 1st period - Slapshot by Mike Richards.
1:15 of 1st period - Shot Blocked by Brayden Schenn.
1:23 of 1st period - Snap shot by Jonathan Drouin.
1:23 of 1st period - Shot Blocked by John Carlson.
1:25 of 1st period - Snap shot by Jonathan Drouin.
1:25 of 1st period - Stopped by Jonathan Quick with a rebound.
2:17 of 1st period - Snap shot by Claude Giroux.
2:17 of 1st period - Stopped by Tom McCollum with a rebound.
2:19 of 1st period - Snap shot by Max Pacioretty.
2:19 of 1st period - Goal by Max Pacioretty - Stars : 0 - Jets : 3.
2:20 of 1st period - Alex Ovechkin wins face-off versus Devin Setoguchi in neutral zone.
2:37 of 1st period - Alex Ovechkin is hit by Matt Tennyson and loses puck.
2:45 of 1st period - Off-side.
2:46 of 1st period - Casey Cizikas wins face-off versus John Tavares in neutral zone.
3:08 of 1st period - Wrist shot by John Tavares.
3:08 of 1st period - Shot Misses the Net.
3:14 of 1st period - Snap shot by John Tavares.
3:14 of 1st period - Stopped by Tom McCollum with a rebound.
3:46 of 1st period - Erik Haula is hit by Claude Giroux and loses puck.
4:01 of 1st period - Snap shot by Wayne Simmonds.
4:01 of 1st period - Shot Blocked by Jamie Oleksiak.
4:13 of 1st period - Slapshot by Blake Wheeler.
4:13 of 1st period - Shot Misses the Net.
4:37 of 1st period - Marc Staal is hit by Alexander Wennberg and loses puck.
5:44 of 1st period - Brad Stuart is hit by Jonathan Drouin and loses puck.
6:06 of 1st period - Patrik Nemeth is hit by Oliver Ekman-Larsson.
6:12 of 1st period - Cory Conacher is hit by Patrik Elias and loses puck.
6:19 of 1st period - Snap shot by Alexander Wennberg.
6:19 of 1st period - Stopped by Jonathan Quick with a rebound.
6:33 of 1st period - Brad Stuart is hit by Mike Richards and loses puck.
7:01 of 1st period - John Carlson is hit by Aaron Johnson and loses puck.
7:26 of 1st period - Slapshot by Wayne Simmonds.
7:26 of 1st period - Stopped by Tom McCollum without a rebound.
7:27 of 1st period - Ryan Getzlaf wins face-off versus Erik Haula in Stars zone.
8:22 of 1st period - Minor Penalty to Alex Petrovic for Interference.
8:23 of 1st period - Claude Giroux wins face-off versus Erik Haula in Stars zone.
9:01 of 1st period - Wrist shot by Brett Ritchie.
9:01 of 1st period - Stopped by Jonathan Quick with a rebound.
9:25 of 1st period - Gabriel Bourque is hit by Blake Wheeler and loses puck.
9:26 of 1st period - Gabriel Bourque from Stars is injured at 9:26 of 1st period (Abdomen/Ribs).
9:27 of 1st period - Ryan Getzlaf wins face-off versus Erik Haula in Stars zone.
9:46 of 1st period - Wrist shot by Blake Wheeler.
9:46 of 1st period - Stopped by Tom McCollum with a rebound.
9:48 of 1st period - Wrist shot by Ryan Getzlaf.
9:48 of 1st period - Stopped by Tom McCollum with a rebound.
9:54 of 1st period - Wrist shot by Ryan Getzlaf.
9:54 of 1st period - Stopped by Tom McCollum with a rebound.
10:22 of 1st period - Penalty to Alex Petrovic is over, Alex Petrovic is back on ice.
10:24 of 1st period - Oliver Ekman-Larsson is hit by Alex Petrovic and loses puck.
11:11 of 1st period - Slapshot by Jussi Jokinen.
11:11 of 1st period - Stopped by Tom McCollum with a rebound.
11:53 of 1st period - Snap shot by Mike Richards.
11:53 of 1st period - Shot Blocked by Marc Staal.
11:59 of 1st period - Wrist shot by Mike Richards.
11:59 of 1st period - Stopped by Jonathan Quick with a rebound.
12:01 of 1st period - Snap shot by Mike Richards.
12:01 of 1st period - Shot Misses the Net.
12:03 of 1st period - Backhand shot by Erik Haula.
12:03 of 1st period - Shot Misses the Net.
12:13 of 1st period - Minor Penalty to Brayden Schenn for Slashing.
12:14 of 1st period - Alex Ovechkin wins face-off versus Brett Ritchie in Jets zone.
12:19 of 1st period - Snap shot by Ryan Getzlaf.
12:19 of 1st period - Shot Misses the Net.
12:27 of 1st period - Wrist shot by Erik Haula.
12:27 of 1st period - Shot Misses the Net.
13:42 of 1st period - Snap shot by Brett Ritchie.
13:42 of 1st period - Shot Misses the Net.
13:58 of 1st period - Alex Ovechkin is hit by Brett Ritchie and loses puck.
14:11 of 1st period - Jamie Oleksiak is hit by Oliver Ekman-Larsson and loses puck.
14:13 of 1st period - Penalty to Brayden Schenn is over, Brayden Schenn is back on ice.
14:47 of 1st period - Wrist shot by John Tavares.
14:47 of 1st period - Shot Misses the Net.
14:49 of 1st period - Slapshot by Marc Staal.
14:49 of 1st period - Stopped by Tom McCollum with a rebound.
14:51 of 1st period - Wrist shot by John Tavares.
14:51 of 1st period - Shot Misses the Net.
16:08 of 1st period - Snap shot by Claude Giroux.
16:08 of 1st period - Deflect By Wayne Simmonds.
16:08 of 1st period - Shot Blocked by Patrik Nemeth.
16:08 of 1st period - Puck is out of play.
16:09 of 1st period - Wayne Simmonds wins face-off versus Mike Richards in Stars zone.
16:16 of 1st period - Wrist shot by Claude Giroux.
16:16 of 1st period - Stopped by Tom McCollum with a rebound.
16:18 of 1st period - Slapshot by Brad Stuart.
16:18 of 1st period - Stopped by Tom McCollum with a rebound.
16:28 of 1st period - Snap shot by Claude Giroux.
16:28 of 1st period - Stopped by Tom McCollum with a rebound.
16:30 of 1st period - Slapshot by Oliver Ekman-Larsson.
16:30 of 1st period - Stopped by Tom McCollum with a rebound.
16:32 of 1st period - Slapshot by Brad Stuart.
16:32 of 1st period - Deflect By Wayne Simmonds.
16:32 of 1st period - Shot Blocked by Alex Petrovic.
16:32 of 1st period - Puck is out of play.
16:33 of 1st period - John Tavares wins face-off versus Casey Cizikas in Stars zone.
18:50 of 1st period - Wrist shot by Max Pacioretty.
18:50 of 1st period - Goal by Max Pacioretty - Stars : 0 - Jets : 4.
18:50 of 1st period - Justin Peters enters game.
18:51 of 1st period - Erik Haula wins face-off versus Claude Giroux in neutral zone.
19:11 of 1st period - Minor Penalty to Casey Cizikas for Tripping.
19:12 of 1st period - Erik Haula wins face-off versus Claude Giroux in Stars zone.
Goals for this period are 0 for Stars vs 4 for Jets.
Shots for this period are 4 for Stars vs 17 for Jets.

2nd period


0:01 of 2nd period - Erik Haula wins face-off versus Ryan Getzlaf in neutral zone.
0:04 of 2nd period - John Carlson is hit by Jamie Oleksiak and loses puck.
0:52 of 2nd period - Minor Penalty to Wayne Simmonds for Goalie Interference.
0:53 of 2nd period - Brett Ritchie wins face-off versus Alex Ovechkin in Jets zone.
1:00 of 2nd period - Wrist shot by Alex Ovechkin.
1:00 of 2nd period - Goal by Alex Ovechkin - Stars : 0 - Jets : 5.
1:01 of 2nd period - Alex Ovechkin wins face-off versus Brett Ritchie in neutral zone.
1:11 of 2nd period - Penalty to Casey Cizikas is over, Casey Cizikas is back on ice.
1:32 of 2nd period - Wrist shot by Brett Ritchie.
1:32 of 2nd period - Stopped by Jonathan Quick with a rebound.
2:04 of 2nd period - Alex Ovechkin is hit by Aaron Johnson and loses puck.
2:26 of 2nd period - Ryan Getzlaf is hit by Casey Cizikas and loses puck.
2:52 of 2nd period - Penalty to Wayne Simmonds is over, Wayne Simmonds is back on ice.
3:21 of 2nd period - Slapshot by Alexander Wennberg.
3:21 of 2nd period - Shot Misses the Net.
3:23 of 2nd period - Slapshot by Ryan Wilson.
3:23 of 2nd period - Stopped by Jonathan Quick with a rebound.
4:03 of 2nd period - Wrist shot by Patrik Elias.
4:03 of 2nd period - Stopped by Justin Peters without a rebound.
4:04 of 2nd period - Jarret Stoll wins face-off versus Casey Cizikas in Stars zone.
5:42 of 2nd period - Erik Haula is hit by Claude Giroux and loses puck.
6:07 of 2nd period - Off-side.
6:08 of 2nd period - Ryan Getzlaf wins face-off versus Alexander Wennberg in neutral zone.
6:58 of 2nd period - Filip Forsberg is hit by Alexandre Burrows and loses puck.
7:19 of 2nd period - Jonathan Drouin is hit by Filip Forsberg and loses puck.
7:31 of 2nd period - Snap shot by Jonathan Drouin.
7:31 of 2nd period - Shot Misses the Net.
8:19 of 2nd period - Slapshot by John Tavares.
8:19 of 2nd period - Stopped by Justin Peters with a rebound.
8:21 of 2nd period - Snap shot by Oliver Ekman-Larsson.
8:21 of 2nd period - Shot Blocked by Erik Haula.
8:31 of 2nd period - Slapshot by John Tavares.
8:31 of 2nd period - Goal by John Tavares - Stars : 0 - Jets : 6.
8:32 of 2nd period - Cory Conacher wins face-off versus Ryan Getzlaf in neutral zone.
9:23 of 2nd period - Snap shot by Mike Richards.
9:23 of 2nd period - Shot Misses the Net.
9:25 of 2nd period - Snap shot by Mike Richards.
9:25 of 2nd period - Shot Misses the Net.
9:27 of 2nd period - Snap shot by Brett Ritchie.
9:27 of 2nd period - Shot Misses the Net.
9:29 of 2nd period - Slapshot by Patrik Nemeth.
9:29 of 2nd period - Shot Blocked by Marc Staal.
9:35 of 2nd period - Wrist shot by Brett Ritchie.
9:35 of 2nd period - Shot Blocked by Claude Giroux.
9:41 of 2nd period - Minor Penalty to Claude Giroux for Interference.
9:42 of 2nd period - Alex Ovechkin wins face-off versus Brett Ritchie in Jets zone.
9:51 of 2nd period - Slapshot by Casey Cizikas.
9:51 of 2nd period - Deflect By Brett Ritchie.
9:51 of 2nd period - Shot Misses the Net.
9:51 of 2nd period - Puck is out of play.
9:52 of 2nd period - Brett Ritchie wins face-off versus Alex Ovechkin in Jets zone.
10:15 of 2nd period - Backhand shot by Casey Cizikas.
10:15 of 2nd period - Shot Blocked by John Carlson.
10:17 of 2nd period - Slapshot by Alexander Wennberg.
10:17 of 2nd period - Shot Misses the Net.
10:19 of 2nd period - Snap shot by Casey Cizikas.
10:19 of 2nd period - Shot Misses the Net.
10:21 of 2nd period - Snap shot by Brett Ritchie.
10:21 of 2nd period - Shot Misses the Net.
10:23 of 2nd period - Slapshot by Jamie Oleksiak.
10:23 of 2nd period - Shot Misses the Net.
10:44 of 2nd period - Ryan Getzlaf is hit by Erik Haula and loses puck.
10:51 of 2nd period - Minor Penalty to Alex Ovechkin for Tripping.
10:52 of 2nd period - Jussi Jokinen wins face-off versus Brett Ritchie in Jets zone.
11:03 of 2nd period - Snap shot by Alexander Wennberg.
11:03 of 2nd period - Stopped by Jonathan Quick without a rebound.
11:04 of 2nd period - Brett Ritchie wins face-off versus Jussi Jokinen in Jets zone.
11:41 of 2nd period - Penalty to Claude Giroux is over, Claude Giroux is back on ice.
12:49 of 2nd period - Claude Giroux is hit by Alex Petrovic and loses puck.
12:51 of 2nd period - Penalty to Alex Ovechkin is over, Alex Ovechkin is back on ice.
13:16 of 2nd period - Slapshot by Filip Forsberg.
13:16 of 2nd period - Shot Blocked by Patrik Nemeth.
13:18 of 2nd period - Slapshot by Erik Johnson.
13:18 of 2nd period - Shot Misses the Net.
13:50 of 2nd period - Snap shot by Erik Haula.
13:50 of 2nd period - Shot Blocked by Erik Johnson.
14:12 of 2nd period - Snap shot by Mike Richards.
14:12 of 2nd period - Stopped by Jonathan Quick without a rebound.
14:13 of 2nd period - John Tavares wins face-off versus Mike Richards in Jets zone.
14:28 of 2nd period - Snap shot by Alexandre Burrows.
14:28 of 2nd period - Shot Blocked by Marc Staal.
14:33 of 2nd period - Slapshot by Matt Tennyson.
14:33 of 2nd period - Goal by Matt Tennyson - Stars : 1 - Jets : 6.
14:34 of 2nd period - Ryan Getzlaf wins face-off versus Devin Setoguchi in neutral zone.
14:53 of 2nd period - Slapshot by Mike Richards.
14:53 of 2nd period - Stopped by Jonathan Quick with a rebound.
15:00 of 2nd period - Icing by Blake Wheeler.
15:01 of 2nd period - Casey Cizikas wins face-off versus Ryan Getzlaf in Jets zone.
15:52 of 2nd period - Minor Penalty to Claude Giroux for Cross-checking.
15:53 of 2nd period - Alex Ovechkin wins face-off versus Brett Ritchie in Jets zone.
16:06 of 2nd period - Slapshot by Brett Ritchie.
16:06 of 2nd period - Stopped by Jonathan Quick with a rebound.
16:08 of 2nd period - Snap shot by Casey Cizikas.
16:08 of 2nd period - Goal by Casey Cizikas - Stars : 2 - Jets : 6.
16:09 of 2nd period - Claude Giroux wins face-off versus Devin Setoguchi in neutral zone.
16:28 of 2nd period - Snap shot by Max Pacioretty.
16:28 of 2nd period - Goal by Max Pacioretty - Stars : 2 - Jets : 7.
16:29 of 2nd period - Alexander Wennberg wins face-off versus Ryan Getzlaf in neutral zone.
16:42 of 2nd period - Wrist shot by Blake Wheeler.
16:42 of 2nd period - Shot Blocked by Jamie Oleksiak.
16:44 of 2nd period - Slapshot by John Carlson.
16:44 of 2nd period - Shot Misses the Net.
16:46 of 2nd period - Slapshot by Erik Johnson.
16:46 of 2nd period - Deflect By Alex Ovechkin.
16:46 of 2nd period - Shot Blocked by Alexander Wennberg.
16:46 of 2nd period - Puck is out of play.
16:47 of 2nd period - Alexander Wennberg wins face-off versus Ryan Getzlaf in Stars zone.
16:47 of 2nd period - Alexander Wennberg is hit by Ryan Getzlaf.
17:20 of 2nd period - Minor Penalty to Wayne Simmonds for Holding.
17:21 of 2nd period - Brett Ritchie wins face-off versus Alex Ovechkin in Jets zone.
17:53 of 2nd period - Snap shot by Casey Cizikas.
17:53 of 2nd period - Stopped by Jonathan Quick with a rebound.
17:55 of 2nd period - Wrist shot by Casey Cizikas.
17:55 of 2nd period - Shot Misses the Net.
18:16 of 2nd period - Oliver Ekman-Larsson is hit by Alex Petrovic and loses puck.
18:51 of 2nd period - Brad Stuart is hit by Brett Ritchie.
19:20 of 2nd period - Penalty to Wayne Simmonds is over, Wayne Simmonds is back on ice.
Goals for this period are 2 for Stars vs 3 for Jets.
Shots for this period are 9 for Stars vs 5 for Jets.

3rd period


0:01 of 3rd period - Ryan Getzlaf wins face-off versus Devin Setoguchi in neutral zone.
0:04 of 3rd period - Brett Ritchie is hit by Alex Ovechkin and loses puck.
0:13 of 3rd period - Wrist shot by Brett Ritchie.
0:13 of 3rd period - Stopped by Jonathan Quick without a rebound.
0:14 of 3rd period - Ryan Getzlaf wins face-off versus Devin Setoguchi in Jets zone.
0:33 of 3rd period - Slapshot by John Moore.
0:33 of 3rd period - Deflect By Devin Setoguchi.
0:33 of 3rd period - Shot Misses the Net.
0:33 of 3rd period - Puck is out of play.
0:34 of 3rd period - Max Pacioretty wins face-off versus Alexander Wennberg in Jets zone.
1:13 of 3rd period - Brad Stuart is hit by Cory Conacher and loses puck.
1:19 of 3rd period - Minor Penalty to Matt Tennyson for Tripping.
1:20 of 3rd period - Ryan Getzlaf wins face-off versus Erik Haula in Stars zone.
1:31 of 3rd period - Off-side.
1:32 of 3rd period - Erik Haula wins face-off versus Ryan Getzlaf in neutral zone.
2:01 of 3rd period - Wrist shot by Alex Ovechkin.
2:01 of 3rd period - Goal by Alex Ovechkin - Stars : 2 - Jets : 8.
2:01 of 3rd period - Tom McCollum enters game.
2:02 of 3rd period - Claude Giroux wins face-off versus Alexander Wennberg in neutral zone.
2:17 of 3rd period - Snap shot by Claude Giroux.
2:17 of 3rd period - Stopped by Tom McCollum with a rebound.
2:19 of 3rd period - Backhand shot by Claude Giroux.
2:19 of 3rd period - Stopped by Tom McCollum with a rebound.
2:21 of 3rd period - Slapshot by Erik Johnson.
2:21 of 3rd period - Shot Misses the Net.
2:23 of 3rd period - Wrist shot by Max Pacioretty.
2:23 of 3rd period - Shot Misses the Net.
2:25 of 3rd period - Slapshot by Erik Johnson.
2:25 of 3rd period - Shot Blocked by John Moore.
2:35 of 3rd period - Cory Conacher is hit by Max Pacioretty and loses puck.
3:02 of 3rd period - Slapshot by Matt Tennyson.
3:02 of 3rd period - Stopped by Jonathan Quick without a rebound.
3:03 of 3rd period - Devin Setoguchi wins face-off versus Ryan Getzlaf in Jets zone.
3:04 of 3rd period - Wrist shot by Mike Richards.
3:04 of 3rd period - Stopped by Jonathan Quick without a rebound.
3:05 of 3rd period - Ryan Getzlaf wins face-off versus Devin Setoguchi in Jets zone.
5:22 of 3rd period - Wrist shot by Cory Conacher.
5:22 of 3rd period - Shot Misses the Net.
5:24 of 3rd period - Wrist shot by Cory Conacher.
5:24 of 3rd period - Stopped by Jonathan Quick with a rebound.
5:26 of 3rd period - Wrist shot by Daniel Paille.
5:26 of 3rd period - Stopped by Jonathan Quick without a rebound.
5:27 of 3rd period - Alexander Wennberg wins face-off versus Filip Forsberg in Jets zone.
5:52 of 3rd period - Snap shot by Alexander Wennberg.
5:52 of 3rd period - Stopped by Jonathan Quick without a rebound.
5:53 of 3rd period - Ryan Getzlaf wins face-off versus Devin Setoguchi in Jets zone.
5:55 of 3rd period - Minor Penalty to Blake Wheeler for Hooking.
5:56 of 3rd period - Casey Cizikas wins face-off versus Alex Ovechkin in Jets zone.
6:08 of 3rd period - John Carlson is hit by Brett Ritchie and loses puck.
7:14 of 3rd period - Snap shot by Ryan Getzlaf.
7:14 of 3rd period - Shot Misses the Net.
7:55 of 3rd period - Penalty to Blake Wheeler is over, Blake Wheeler is back on ice.
8:17 of 3rd period - Alexander Wennberg is hit by Jussi Jokinen and loses puck.
8:43 of 3rd period - Erik Haula is hit by Brayden Schenn and loses puck.
10:41 of 3rd period - Cory Conacher is hit by Ryan Getzlaf and loses puck.
11:03 of 3rd period - Casey Cizikas is hit by Blake Wheeler and loses puck.
11:54 of 3rd period - Minor Penalty to Aaron Johnson for Hooking.
11:55 of 3rd period - Claude Giroux wins face-off versus Erik Haula in Stars zone.
12:10 of 3rd period - Snap shot by Claude Giroux.
12:10 of 3rd period - Shot Misses the Net.
12:20 of 3rd period - John Carlson is hit by Ryan Wilson and loses puck.
13:54 of 3rd period - Penalty to Aaron Johnson is over, Aaron Johnson is back on ice.
14:33 of 3rd period - Snap shot by Brayden Schenn.
14:33 of 3rd period - Stopped by Tom McCollum with a rebound.
14:48 of 3rd period - Slapshot by Marc Staal.
14:48 of 3rd period - Shot Blocked by Aaron Johnson.
17:12 of 3rd period - Ryan Getzlaf is hit by Alexandre Burrows and loses puck.
18:25 of 3rd period - Slapshot by Filip Forsberg.
18:25 of 3rd period - Shot Misses the Net.
18:37 of 3rd period - Minor Penalty to John Moore for Hooking.
18:38 of 3rd period - Erik Haula wins face-off versus Ryan Getzlaf in Stars zone.
18:38 of 3rd period - Erik Haula is hit by Erik Johnson.
19:44 of 3rd period - Wrist shot by Alex Ovechkin.
19:44 of 3rd period - Shot Misses the Net.
19:46 of 3rd period - Snap shot by Blake Wheeler.
19:46 of 3rd period - Deflect By Ryan Getzlaf.
19:46 of 3rd period - Goal by Ryan Getzlaf - Stars : 2 - Jets : 9.
19:47 of 3rd period - Jussi Jokinen wins face-off versus Devin Setoguchi in neutral zone.
Goals for this period are 0 for Stars vs 2 for Jets.
Shots for this period are 6 for Stars vs 5 for Jets.